 Dungeon Crawl Stone Soup version bcrawl-1.12-11-gb93c957c58 (console) character file.

Game seed: 499609046298736575

292 CALLOUS the Skirmisher (level 6, 0/79 HPs)
             Began as a Gnoll Abyssal Knight on June 24, 2019.
             Was a Believer of Lugonu.
             Succumbed to a kobold's poison
             ... on level 3 of the Dungeon.
             The game lasted 00:44:12 (4299 turns).

CALLOUS the Skirmisher (Gnoll Abyssal Knight)       Turns: 4299, Time: 00:44:13

Health: 0/79       AC: 23    Str: 11 (14) XL:     6   Next: 33%
Magic:  10/10      EV:  2    Int: 18 (20) God:    Lugonu [**....]
Gold:   293        SH:  0    Dex: 20 (21) Spells: 8/8 levels left

rFire    . . .     SeeInvis .   b - +2 mace (protect)
rCold    . . .     Gourm    .   (no shield)
rNeg     + + +     Faith    .   (armour currently unavailable)
rPois    +         Spirit   .   (helmet currently unavailable)
rElec    .         Reflect  .   (cloak currently unavailable)
rCorr    .         Harm     .   (gloves currently unavailable)
MR       .....     NoTele   +   (boots currently unavailable)
Stlth    +++.......             (no amulet)
HPRegen  0.23/turn              (no ring)
MPRegen  0.12/turn              (no ring)

@: brilliant, agile, lethally poisoned (0 -> -14), tree-form
A: distributed training, MP-powered wands, strong nose
a: Depart the Abyss, Bend Space, Renounce Religion


You were on level 3 of the Dungeon.
You worshipped Lugonu.
Lugonu was pleased with you.
You were very hungry.
You were a tree.
You visited 1 branch of the dungeon, and saw 3 of its levels.
You visited the Abyss 1 time.

You collected 293 gold pieces.

Inventory:

Hand Weapons
 a - a +2 dagger of protection
 b - a +2 mace of protection (weapon)
 p - a cursed -2 hand axe
 v - a +1 falchion
 z - a +3 flail
 F - a +0 trident
Missiles
 e - 238 sling bullets
 f - 470 stones (quivered)
 h - 136 bolts
 u - 30 needles of paralysis
 I - a throwing net {!f}
Armour
 i - a +0 leather armour
 w - a +0 chain mail (melded)
 H - a +0 cloak (melded)
Jewellery
 g - an uncursed amulet of magic regeneration {unknown}
 j - a cursed ring of attention {unknown}
 y - an uncursed ring of protection from magic {unknown}
Wands
 B - a wand of acid (9)
Scrolls
 d - a scroll of enchant armour {unknown}
 l - 2 scrolls of magic mapping {unknown}
 o - 3 scrolls of remove curse {unknown}
 t - a scroll of immolation {unknown}
 A - a scroll of teleportation {unknown}
 D - 4 scrolls of identify {unknown}
 M - a scroll of fog {unknown}
Potions
 n - a potion of flight
 s - a potion of haste
Comestibles
 c - 12 rations {!d}


   Skills:
 + Level 6.8 Fighting
 + Level 1.8 Short Blades
 + Level 4.9 Long Blades
 + Level 1.8 Axes
 + Level 1.8 Maces & Flails
 + Level 1.8 Polearms
 + Level 1.8 Staves
 + Level 1.8 Slings
 + Level 1.8 Bows
 + Level 1.8 Crossbows
 + Level 1.8 Throwing
 + Level 4.9 Armour
 + Level 3.2 Dodging
 + Level 1.8 Stealth
 + Level 1.8 Shields
 + Level 1.8 Unarmed Combat
 + Level 1.8 Spellcasting
 + Level 1.4 Conjurations
 + Level 1.4 Hexes
 + Level 1.4 Charms
 + Level 1.4 Summonings
 + Level 1.4 Necromancy
 + Level 1.4 Translocations
 + Level 1.4 Transmutations
 + Level 1.4 Fire Magic
 + Level 1.4 Ice Magic
 + Level 1.4 Air Magic
 + Level 1.4 Earth Magic
 + Level 1.4 Poison Magic
 + Level 5.4 Invocations
 + Level 1.8 Evocations


You had 8 spell levels left.
You didn't know any spells.
Your spell library was empty.

Dungeon Overview and Level Annotations

Branches:
Dungeon (3/12)

Altars:
Elyvilon

Annotations:
D:1 1 exclusion
D:2 1 exclusion
D:3 crawlian's ghost, amateur DWAc


Innate Abilities, Weirdness & Mutations

Your experience applies equally to all skills.
((You have very sharp teeth.))
Your uncanny sense of smell can sniff out nearby items.
((Your flesh is heat resistant. (rF+)))
You expend magic power (3 MP) to strengthen your wands.


Message History

The big kobold barely misses you.
It was a potion of agility.
You feel agile all of a sudden.
* * * LOW HITPOINT WARNING * * *
You feel sick. The big kobold closely misses you.
It was a potion of degeneration.
There was something very wrong with that liquid.
You feel weakened.
You feel dopey.
You feel clumsy.
* * * LOW HITPOINT WARNING * * *
You feel sick.
The big kobold hits you but does no damage.
You blink.
It was a potion of lignification.
You turn into a tree.
Your +0 cloak melds into your body.
Your +0 chain mail melds into your body.
Your roots penetrate the ground.
* * * LOW HITPOINT WARNING * * *
You feel sick.
It was a potion of brilliance.
You feel clever all of a sudden.
You die...

###.##### #.##.....#
....## #........#
.....#####
######.###
####.....# #####.###
####.....# #.......#
#........# #.###.#.#
#.##.....# #.##<.#.#
..##.....# #.##.##.#
.....##### #.##.##.#
###########
#.....>.#
#####....######♣####
##.8.##..KKK.....#
#.....#.W.########
$.###?'KK##
).....'..#
..###.'..#
#.....#..#
##.8.##.## #####..#
####


You could see 2 big kobolds and a kobold.

Vanquished Creatures
  3 orc priests
  3 orc wizards
  An adder (D:3)
  An ooze (D:2)
  2 worms
  4 dart slugs
  6 leopard geckos
  8 orcs
  A ball python (D:2)
  10 bats
  2 giant cockroaches
  5 goblins
  3 hobgoblins
  11 jackals
  12 kobolds
  A quokka (D:2)
  5 frilled lizards
  4 rats
82 creatures vanquished.

Vanquished Creatures (others)
  3 fungi (D:3)
  A plant (D:3)
4 creatures vanquished.

Grand Total: 86 creatures vanquished

Notes
Turn   | Place    | Note
-------+----------+-------------------------------------------
     0 | Abyss:1  | CALLOUS the Gnoll Abyssal Knight began the quest for the
                  | Orb.
     0 | Abyss:1  | Reached XP level 1. HP: 23/23 MP: 3/3
     0 | Abyss:1  | Found a corrupted altar of Lugonu.
   104 | Abyss:1  | Noticed a chaos spawn
   126 | Abyss:1  | Noticed a large abomination
   140 | Abyss:1  | Noticed a large abomination
   143 | D:1      | Escaped the Abyss
   285 | D:1      | Reached XP level 2. HP: 29/29 MP: 5/5
   458 | D:1      | Reached * piety under Lugonu
   655 | D:1      | Reached skill level 5 in Invocations
   787 | D:1      | Reached XP level 3. HP: 34/35 MP: 6/6
  1733 | D:1      | Reached skill level 1 in Short Blades
  1733 | D:1      | Reached skill level 1 in Axes
  1733 | D:1      | Reached skill level 1 in Maces & Flails
  1733 | D:1      | Reached skill level 1 in Polearms
  1733 | D:1      | Reached skill level 1 in Staves
  1733 | D:1      | Reached skill level 1 in Slings
  1733 | D:1      | Reached skill level 1 in Bows
  1733 | D:1      | Reached skill level 1 in Crossbows
  1733 | D:1      | Reached skill level 1 in Throwing
  1733 | D:1      | Reached skill level 1 in Stealth
  1733 | D:1      | Reached skill level 1 in Shields
  1733 | D:1      | Reached skill level 1 in Unarmed Combat
  1733 | D:1      | Reached skill level 1 in Spellcasting
  1733 | D:1      | Reached skill level 1 in Evocations
  1733 | D:1      | Reached XP level 4. HP: 37/41 MP: 7/7
  1770 | D:2      | Reached skill level 1 in Conjurations
  1770 | D:2      | Reached skill level 1 in Hexes
  1770 | D:2      | Reached skill level 1 in Charms
  1770 | D:2      | Reached skill level 1 in Summonings
  1770 | D:2      | Reached skill level 1 in Necromancy
  1770 | D:2      | Reached skill level 1 in Translocations
  1770 | D:2      | Reached skill level 1 in Transmutations
  1770 | D:2      | Reached skill level 1 in Fire Magic
  1770 | D:2      | Reached skill level 1 in Ice Magic
  1770 | D:2      | Reached skill level 1 in Air Magic
  1770 | D:2      | Reached skill level 1 in Earth Magic
  1770 | D:2      | Reached skill level 1 in Poison Magic
  2388 | D:2      | Reached XP level 5. HP: 47/47 MP: 8/8
  2402 | D:2      | Reached ** piety under Lugonu
  3278 | D:3      | Reached XP level 6. HP: 48/53 MP: 10/10
  3832 | D:3      | Found a white marble altar of Elyvilon.
  4029 | D:3      | Found a runed translucent gate.
  4031 | D:3      | Found a runed translucent gate.
  4031 | D:3      | Found a runed translucent gate.
  4031 | D:3      | Noticed crawlian's ghost (amateur DWAc)
  4295 | D:3      | Gained mutation: You expend magic power (3 MP) to
                  | strengthen your wands. [potion of mutation]
  4295 | D:3      | Gained mutation: Your flesh is heat resistant. (rF+)
                  | [potion of mutation]
  4297 | D:3      | HP: 2/53 [poisoned by a kobold]
  4299 | D:3      | Succumbed to a kobold's poison

Skill      XL: |  1  2  3  4  5 |
---------------+----------------+-----
Invocations    | 5 |  5.4
Short Blades   | 1 |  1.8
Axes           | 1 |  1.8
Maces & Flails | 1 |  1.8
Polearms       | 1 |  1.8
Staves         | 1 |  1.8
Slings         | 1 |  1.8
Bows           | 1 |  1.8
Crossbows      | 1 |  1.8
Throwing       | 1 |  1.8
Stealth        | 1 |  1.8
Shields        | 1 |  1.8
Unarmed Combat | 1 |  1.8
Spellcasting   | 1 |  1.8
Evocations     | 1 |  1.8
Conjurations   | 1 |  1.4
Hexes          | 1 |  1.4
Charms         | 1 |  1.4
Summonings     | 1 |  1.4
Necromancy     | 1 |  1.4
Translocations | 1 |  1.4
Transmutations | 1 |  1.4
Fire Magic     | 1 |  1.4
Ice Magic      | 1 |  1.4
Air Magic      | 1 |  1.4
Earth Magic    | 1 |  1.4
Poison Magic   | 1 |  1.4
Dodging        | 3 |  3.2
Fighting       | |  6.8
Long Blades    | |  4.9
Armour         | |  4.9

Action                   |  1- 3 |  4- 6 || total
-------------------------+-------+-------++-------
Melee: Falchion          |    19 |       ||    19
       Bite              |     7 |    27 ||    34
       Dagger            |    86 |    36 ||   122
       Flail             |       |    15 ||    15
       Mace              |       |   125 ||   125
       Punch             |       |     1 ||     1
       Trident           |       |    22 ||    22
Throw: Stone             |   100 |   131 ||   231
Invok: Depart the Abyss  |     1 |       ||     1
       Bend Space        |       |     2 ||     2
  Use: Potion            |       |     6 ||     6
 Stab: Sleeping          |     1 |       ||     1
  Eat: Chunk             |     2 |     8 ||    10
Armor: Leather armour    |    27 |    12 ||    39
       Chain mail        |       |   109 ||   109
Dodge: Dodged            |    57 |    76 ||   133
